 Dungeon Crawl Stone Soup version 0.31.0-11-ge490571c62 (webtiles) character file.

Game seed: 3562206930142762646

28 Goblin1989 the Ruffian (level 2, -6/21 HPs)
             Began as a Demonspawn Shapeshifter on Jan 27, 2024.
             Mangled by a goblin
             ... wielding a +0 dagger of electrocution
              (9 damage)
             ... on level 2 of the Dungeon.
             The game lasted 00:03:36 (1265 turns).

Goblin1989 the Ruffian (Demonspawn Shapeshifter)    Turns: 1265, Time: 00:03:36

Health: -6/21      AC:  2    Str: 14    XL:     2   Next: 96%
Magic:  2/2        EV: 10    Int: 10    God:
Gold:   116        SH:  7    Dex: 12    Spells: 1/1 levels left

rFire   . .          .
                       - Unarmed
rCold   . . .        j - +0 kite shield
rNeg    . . .        a - +0 animal skin
rPois   .            (no helmet)
rElec   .            (no cloak)
rCorr   .            (no gloves)
SInv    .            (no boots)
Will    .....        (no amulet)
Stlth   +            (no ring)
HPRegen 0.23/turn    (no ring)
MPRegen 0.08/turn

%: no passive effects
@: no status effects
A: foul stench 1
a: no special abilities


You were on level 2 of the Dungeon.
You visited 1 branch of the dungeon, and saw 2 of its levels.

You collected 116 gold pieces.

Inventory:

Missiles
 f - a throwing net (quivered) {!d , @Q1}
Armour
 a - a +0 animal skin (worn)
 h - a +0 cloak
 j - a +0 kite shield (worn)
Talismans
 c - a beast talisman
 d - a flux talisman
Scrolls
 e - a scroll of butterflies {unknown}
 k - a scroll of immolation {unknown}
Potions
 b - 2 potions of lignification
 g - 2 potions of curing {unknown}
 i - a potion of haste {unknown}


   Skills:
 + Level 1.5 Fighting
 + Level 2.1 Dodging
 + Level 0.2 Shields
 * Level 3.1 Unarmed Combat
 - Level 2.8 Shapeshifting


You had one spell level left.
You didn't know any spells.
Your spell library contained the following spells:

 Spells                   Type           Power      Damage    Failure   Level
 Tukima's Dance           Hex            0%         N/A       99%         3
 Dimensional Bullseye     Hex/Tloc       0%         N/A       100%        4
 Iskenderun's Mystic Bla  Conj/Tloc      0%         2d3       100%        4


Dungeon Overview and Level Annotations

Branches:
Dungeon (2/15) Zot: 10728

Altars:


Innate Abilities, Weirdness & Mutations

You may rarely emit foul miasma when damaged in melee.


Message History

You are too injured to fight recklessly!
You are too injured to fight recklessly!
You are too injured to fight recklessly!
You are too injured to fight recklessly!
You are too injured to fight recklessly!
You are too injured to fight recklessly!
You are too injured to fight recklessly!
You are too injured to fight recklessly!
You are too injured to fight recklessly!
You are too injured to fight recklessly!
You are too injured to fight recklessly!
You are too injured to fight recklessly!
You are too injured to fight recklessly!
You are too injured to fight recklessly!
You are too injured to fight recklessly!
You are too injured to fight recklessly!
You are too injured to fight recklessly!
You are too injured to fight recklessly!
You are too injured to fight recklessly!
You are too injured to fight recklessly!
You are too injured to fight recklessly!
You are too injured to fight recklessly!
You are too injured to fight recklessly!
You are too injured to fight recklessly!
You closely miss the kobold.
The kobold is severely wounded.
The kobold hits you with a +2 vampiric whip!
* * * LOW HITPOINT WARNING * * *
The kobold draws strength from your wounds!
You take 6 damage, and have 6/21 hp.
MASSIVE DAMAGE!!
You closely miss the kobold. You block the kobold's attack.
You hit the kobold but do no damage. You block the kobold's attack.
You hit the kobold but do no damage. You block the kobold's attack.
You hit the kobold.
You kill the kobold!
Things that are here:
a +2 vampiric whip; a stone; a kobold corpse
Things that are here:
a +2 vampiric whip; a stone; a kobold corpse You start resting.
HP restored.
Health restored: 21
Found an escape hatch in the ceiling.
A goblin comes into view.
It is wielding a +0 dagger of electrocution.
Found a stone staircase leading down.
A goblin is nearby!
A goblin is nearby!
You closely miss the goblin.
The goblin hits you with a +0 dagger of electrocution.
You take 1 damage, and have 20/21 hp.
You hit the goblin but do no damage. The goblin hits you but does no damage.
You block the goblin's attack.
You barely miss the goblin.
The goblin hits you with a +0 dagger of electrocution.
You are electrocuted!
Ouch! That really hurt!
* * * LOW HITPOINT WARNING * * *
You take 19 damage, and have 1/21 hp.
MASSIVE DAMAGE!!
You are too injured to fight recklessly!
You are too injured to fight recklessly!
You are too injured to fight recklessly!
You are too injured to fight recklessly!
You are too injured to fight recklessly!
You are too injured to fight recklessly!
You are too injured to fight recklessly!
You are too injured to fight recklessly!
You are too injured to fight recklessly!
You are too injured to fight recklessly!
You are too injured to fight recklessly!
You are too injured to fight recklessly!
You are too injured to fight recklessly!
You are too injured to fight recklessly!
You are too injured to fight recklessly!
You are too injured to fight recklessly!
You are too injured to fight recklessly!
You are too injured to fight recklessly!
You are too injured to fight recklessly!
You are too injured to fight recklessly!
You are too injured to fight recklessly!
Okay, then.
Unknown command.
Press: ? - help, v - describe, . - travel
Here: a goblin, wielding a +0 dagger of electrocution The floor.
The goblin attacks as it pursues you! The goblin closely misses you.
The goblin attacks as it pursues you! You block the goblin's attack.
The goblin attacks as it pursues you!
The goblin hits you with a +0 dagger of electrocution.
* * * LOW HITPOINT WARNING * * *
You take 1 damage, and have 1/21 hp.
The goblin attacks as it pursues you! You block the goblin's attack.
There is a stone staircase leading up here.
The goblin attacks as it pursues you!
The goblin hits you with a +0 dagger of electrocution.
* * * LOW HITPOINT WARNING * * *
You take 1 damage, and have 2/21 hp.
The goblin attacks as it pursues you! You block the goblin's attack.
The goblin attacks as it pursues you! The goblin hits you but does no damage.
You are electrocuted!
You die...

█.......█ █.... ...
██.......██..... ..
█............█ █..
█.........█.██ .. .
█......).....█ .██<
█........███.█ ██....
█..........█.██ █.>...
███....███.█..█ █.....
█..@.█ █....███..█..
█..g.█ ███..........
█...>█ █........█.
█....█ █..........
███.███ █..........
█...███████..........
█.....<..............
█....................
...................[....


You could see a goblin.

Vanquished Creatures
  A dart slug (D:2)
  A ball python (D:1)
  3 bats (D:1)
  2 endoplasms
  A giant cockroach (D:1)
  2 goblins
  4 hobgoblins
  3 kobolds
  A frilled lizard (D:2)
  6 rats
24 creatures vanquished.

Notes
Turn   | Place    | Note
-------+----------+-------------------------------------------
     0 | D:1      | Goblin1989 the Demonspawn Shapeshifter began the quest for
                  | the Orb.
     0 | D:1      | Reached XP level 1. HP: 15/15 MP: 1/1
   302 | D:1      | Gained mutation: You may rarely emit foul miasma when
                  | damaged in melee. [demonic ancestry]
   302 | D:1      | Reached XP level 2. HP: 21/21 MP: 2/2
   407 | D:1      | Reached skill level 3 in Unarmed Combat
  1246 | D:2      | HP: 1/21 [goblin/+0 dagger of electrocution (17)]
  1254 | D:2      | HP: 1/21 [goblin/+0 dagger of electrocution (1)]
  1265 | D:2      | Mangled by a goblin

Illustrated notes

Levels and vault maps discovered:
D:1:      sevenhm_arrival_forest_fort_small_3, layout_loops_corners,
          minmay_misc_feat_more_columns, amcnicky_mini_rare_corridor_liquid,
          minmay_misc_feat_nine_boxes, dk_noncrumbling_3
D:2:      layout_rooms

Skill      XL: |  1  2 |
---------------+-------+-----
Dodging        | 2 |  2.1
Unarmed Combat | 3 |  3.1
Fighting       | |  1.5
Shields        | |  0.2
Shapeshifting  | |  2.8

Action                     || total
---------------------------++-------
  Melee: Unarmed           ||   113
         Punch             ||     1
   Stab: Sleeping          ||     1
 Armour: Animal skin       ||    56
  Dodge: Dodged            ||    66
  Block: Kite shield       ||    20
   Form: Beast             ||     1
                           ||     1
